 Dungeon Crawl Stone Soup version 0.17.1-3-g152610e (webtiles) character file.

96 Mechanique the Magician (level 4, 0/32 HPs)
             Began as a Mummy Wizard on Mar 22, 2016.
             Killed from afar by Sigmund (16 damage)
             ... with a puff of flame
             ... on level 3 of the Dungeon.
             The game lasted 00:10:47 (3001 turns).

Mechanique the Magician (Mummy Wizard)              Turns: 3001, Time: 00:10:47

Health: 0/32       AC:  3    Str: 10    XL:     4   Next: 41%
Magic:  4/9        EV: 12    Int: 18    God:
Gold:   91         SH:  0    Dex: 10    Spells: 2 memorised, 7 levels left

rFire  x . .     SeeInvis .     i - +3 spear
rCold  + . .     Clarity  .     h - +0 robe (curse)
rNeg   + + +     SustAt   .     (no shield)
rPois  ∞         Gourm    .     b - +1 hat
rElec  .         Spirit   .     (no cloak)
rCorr  .         Warding  .     (no gloves)
rMut   .         Stasis   .     (no boots)
MR     .....                    (no amulet)
Stlth  ++........               (no ring)
                                (no ring)

@: very slightly contaminated, not resistant to hostile enchantments, unstealthy
A: no food or potions, fire vulnerability, cold resistance 1, negative energy
resistance 3, torment resistance, unbreathing
a: no special abilities


You were on level 3 of the Dungeon.
You were not hungry.

You visited 1 branch of the dungeon, and saw 3 of its levels.

You collected 91 gold pieces.

Inventory:

Hand Weapons
 f - a +0 club
 i - a +3 spear (weapon)
Armour
 b - a +1 hat (worn)
 h - a cursed +0 robe (worn)
 m - a +2 scale mail of poison resistance
Scrolls
 a - a scroll of identify
 d - a scroll of remove curse
 g - a scroll of enchant armour
Books
 c - a book of Minor Magic

   Spells                             Type                      Level
   a - Magic Dart                     Conjuration                  1
   b - Blink                          Translocation                2
   c - Call Imp                       Summoning                    2
   d - Repel Missiles                 Charms/Air                   2
   e - Slow                           Hexes                        2
   f - Conjure Flame                  Conjuration/Fire             3
   g - Mephitic Cloud                 Conjuration/Poison/Air       3


   Skills:
 + Level 1.5 Fighting
 - Level 1.5 Dodging
 - Level 1.5 Stealth
 + Level 3.9 Spellcasting
 + Level 2.1 Conjurations
 - Level 0.7 Summonings
   Level 0.7 Translocations


You had 7 spell levels left.
You knew the following spells:

 Your Spells              Type           Power        Failure   Level  Hunger
a - Magic Dart            Conj           ##..         8%          1    N/A
b - Call Imp              Summ           #.......     17%         2    N/A

Dungeon Overview and Level Annotations

Branches:
Dungeon (3/15)

Altars:
Okawaru

Annotations:
D:3 Sigmund


Innate Abilities, Weirdness & Mutations

You do not eat or drink.
Your flesh is vulnerable to fire.
You are immune to poison.
Your flesh is cold resistant.
You are immune to negative energy.
You are immune to unholy pain and torment.
You can survive without breathing.


Message History

Gang up on whom?
Press: ? - help, Dir - move target cursor, f - Sigmund
Aim: Sigmund, wielding a scythe and wearing a robe Attack!
You hear a shout!
Your crimson imp hits Sigmund.
Sigmund points at you and mumbles some strange words.
Your crimson imp easily resists.
Your crimson imp says, "Just tell me who NOT to kill."
Your crimson imp hits Sigmund.
Sigmund casts a spell at you.
Your crimson imp appears confused.
A hound comes into view.
Sigmund hits you from afar with a scythe!
Ouch! That really hurt!
The hound closely misses you. Sigmund gestures at you while chanting.
The puff of flame hits you! The fire burns you terribly!
Ouch! That really hurt!
You die...

#.# #.###.#
##.####......
.......†.....
##.#####..... #
.##.#####..... #.
.##......†....
#.######.########<....
#........### #.....
#....@.....# ####.#
###.....h...#.. #.#
...........## #.#
###..@....## #S#
#.......# #.#
#.......## #.#
##.5.....# ..#
#$###..#.# ### #.
#..##..


You could see Sigmund, a hound and a friendly crimson imp (confused).

Vanquished Creatures
  2 adders
  An ooze (D:2)
  3 worms (D:2)
  4 giant geckos
  A ball python (D:3)
  7 bats
  2 giant cockroaches (D:1)
  8 hobgoblins
  4 jackals (D:1)
  7 kobolds
  4 giant newts
  4 goblins
  10 rats
57 creatures vanquished.

Vanquished Creatures (collateral kills)
  A worm (D:2)
  A giant cockroach (D:3)
  A jackal (D:2)
3 creatures vanquished.

Grand Total: 60 creatures vanquished

Notes
Turn   | Place    | Note
--------------------------------------------------------------
     0 | D:1      | Mechanique the Mummy Wizard began the quest for the Orb.
     0 | D:1      | Reached XP level 1. HP: 13/13 MP: 4/4
    69 | D:1      | Reached skill level 1 in Conjurations
   275 | D:1      | Reached XP level 2. HP: 19/19 MP: 4/6
   279 | D:1      | Learned a level 2 spell: Call Imp
   620 | D:1      | Found an iron altar of Okawaru.
  1200 | D:1      | Reached XP level 3. HP: 17/24 MP: 0/8
  1537 | D:2      | Reached skill level 1 in Fighting
  2244 | D:2      | Reached XP level 4. HP: 23/32 MP: 4/9
  2993 | D:3      | Noticed Sigmund
  3001 | D:3      | Killed from afar by Sigmund

Action                   |  1- 3 |  4- 6 || total
-------------------------+-------+-------++-------
Melee: Unarmed           |    19 |       ||    19
       Spear             |    72 |    26 ||    98
       Club              |     2 |       ||     2
 Cast: Magic Dart        |    65 |    24 ||    89
       Call Imp          |     6 |     8 ||    14
  Use: Scroll            |       |     6 ||     6
